 Dungeon Sprint DCSS version 0.21.1-72-gffa868e0fe (webtiles) character file.

851 Osmon the Cleaver (level 7, -8/78 HPs)
             Began as a Minotaur Berserker on Aug 3, 2018.
             Was a Priest of Trog.
             Killed from afar by an iron elemental (46 damage)
             ... with an iron shot
             ... in the Dungeon (Sprint II: "The Violet Keep of Menkaure").
             The game lasted 00:02:02 (110 turns).

Osmon the Cleaver (Minotaur Berserker)               Turns: 110, Time: 00:02:02

Health: -8/78      AC:  2    Str: 22    XL:     7   Next: 69%
Magic:  6/6        EV: 15    Int:  4    God:    Trog [***...]
Gold:   567        SH:  0    Dex: 11    Spells: 6/6 levels left

rFire    . . .     SeeInvis .   a - +0 hand axe
rCold    . . .     Gourm    .   (no shield)
rNeg     . . .     Faith    .   b - +0 animal skin
rPois    .         Spirit   .   (helmet restricted)
rElec    .         Reflect  .   (no cloak)
rCorr    .         Harm     .   (no gloves)
MR       .....     NoTele   +   (no boots)
Stlth    +.........             k - amulet of inaccuracy (curse)
HPRegen  0.23/turn              (no ring)
MPRegen  0.10/turn              (no ring)

@: berserk cooldown, slowed, very slow
A: retaliatory headbutt, horns 2
a: Berserk, Trog's Hand, Burn Spellbooks, Renounce Religion


You were in the Dungeon.
You worshipped Trog.
Trog was most pleased with you.
You were not hungry.

You visited 1 branch You collected 567 gold pieces.

Inventory:

Hand Weapons
 a - a +0 hand axe (weapon)
Armour
 b - a +0 animal skin (worn)
Jewellery
 k - a cursed amulet of inaccuracy (around neck)
Scrolls
 i - a scroll of blinking
Potions
 d - a potion of curing
 e - a potion of heal wounds
 f - a potion of haste
 g - 2 potions of magic
 h - a potion of berserk rage
Comestibles
 c - a ration
 j - 11 chunks of flesh


   Skills:
 + Level 12.6 Fighting
 + Level 13.1 Axes
 + Level 6.7 Armour
 + Level 6.4 Dodging


You had 6 spell levels left.
You didn't know any spells.

Dungeon Overview and Level Annotations

Branches:
Dungeon (1/1)

Altars:
Cheibriados
Dithmenos
Elyvilon
Fedhas
Gozag
Kikubaaqudgha
Makhleb
Nemelex Xobeh
Sif Muna
Trog
Uskayaw
Beogh
Jiyva
Lugonu


Innate Abilities, Weirdness & Mutations

You reflexively headbutt those who attack you in melee.
You have a pair of horns on your head.


Message History

There are no items here.
Oops, that amulet feels deathly cold.
k - a cursed amulet of inaccuracy (around neck)
Okay, then.
There is an open door here.
The walls and floor vibrate strangely for a moment.
You feel the effects of Trog's Hand fading.
You open the door.
Found 97 gold pieces.
An iron elemental comes into view.
Your skin stops crawling.
You feel less resistant to hostile enchantments.
The iron elemental gestures at you.
You feel as though you will be slow longer.
Found a scroll labeled DEAGAT CASIN.
There is an open door here.
The iron elemental gestures at you. The iron shot hits you!
Ouch! That really hurt!
You die...

#++# ...### ....# ...#
..# ##+##.. ####.#
##...##.####$$'@###
#..#).# ...#E?#...#
#...####..#####..#
##'###.##..#..'..#
##.###..#..#..#^^#
+.<.††##'.§####..###
##.###..#§.§.###...##▓▓▓
#+# #.##......≈≈≈≈≈≈≈≈≈
###≈≈.....≈#+######


You could see an iron elemental.

Vanquished Creatures
  A merfolk siren (D)
  2 polar bears (D)
  4 worker ants (D)
7 creatures vanquished.

Vanquished Creatures (others)
  Menkaure (D)
  A crocodile (D)
2 creatures vanquished.

Grand Total: 9 creatures vanquished

Notes
Turn   | Place    | Note
-------+----------+-------------------------------------------
     0 | D        | Osmon the Minotaur Berserker began the quest for the Orb.
     0 | D        | Reached XP level 1. HP: 19/19 MP: 0/0
     1 | D        | Noticed a merfolk siren
    21 | D        | Killed Menkaure
    24 | D        | Killed a merfolk siren
    24 | D        | Reached skill level 10 in Fighting
    24 | D        | Reached skill level 10 in Axes
    24 | D        | Reached skill level 5 in Armour
    24 | D        | Reached XP level 2. HP: 29/39 MP: 1/1
    24 | D        | Reached XP level 3. HP: 35/46 MP: 2/2
    24 | D        | Reached XP level 4. HP: 40/53 MP: 3/3
    24 | D        | Reached XP level 5. HP: 45/59 MP: 4/4
    24 | D        | Reached XP level 6. HP: 51/67 MP: 5/5
    45 | D        | Reached ** piety under Trog
    45 | D        | Reached skill level 11 in Axes
    49 | D        | Reached skill level 5 in Dodging
    69 | D        | Found a snail-covered altar of Cheibriados.
    70 | D        | Found a shadowy altar of Dithmenos.
    70 | D        | Found a roughly hewn altar of Beogh.
    70 | D        | Found a viscous altar of Jiyva.
    71 | D        | Found a white marble altar of Elyvilon.
    71 | D        | Found an ancient bone altar of Kikubaaqudgha.
    72 | D        | Found a blossoming altar of Fedhas.
    72 | D        | Found a corrupted altar of Lugonu.
    72 | D        | Found a deep blue altar of Sif Muna.
    73 | D        | Found an opulent altar of Gozag.
    73 | D        | Found a burning altar of Makhleb.
    73 | D        | Found a bloodstained altar of Trog.
    74 | D        | Found a sparkling altar of Nemelex Xobeh.
    74 | D        | Found a hide-covered altar of Uskayaw.
    81 | D        | Noticed a polar bear
    81 | D        | Noticed a polar bear
    90 | D        | Killed a polar bear
    90 | D        | Reached *** piety under Trog
    90 | D        | Reached skill level 12 in Axes
    90 | D        | Reached XP level 7. HP: 22/77 MP: 6/6
    90 | D        | Killed a polar bear
    90 | D        | Reached skill level 13 in Axes
   109 | D        | Noticed an iron elemental
   110 | D        | Killed from afar by an iron elemental

Skill      XL: |  1  2  3  4  5  6  7 |
---------------+----------------------+-----
Fighting       | 10 12 | 12.6
Axes           | 10 12 13 | 13.1
Armour         | 5 6 |  6.7
Dodging        | 4 5 6 |  6.4

Action                   |  1- 3 |  4- 6 |  7- 9 || total
-------------------------+-------+-------+-------++-------
Melee: Hand axe          |    23 |    27 |       ||    50
       Headbutt          |     3 |     7 |       ||    10
Invok: Berserk           |       |     1 |       ||     1
       Trog's Hand       |       |       |     1 ||     1
Armor: Animal skin       |       |     2 |       ||     2
Dodge: Dodged            |     2 |    15 |       ||    17
